 Dungeon Crawl Stone Soup version bcrawl-1.19.2-6-g6a88ae04c9 (webtiles) character file.

Game seed: 6455847578111286284

527 Mrkan the Poker (level 7, -6/55 HPs)
             Began as a Merfolk Gladiator on Jan 4, 2020.
             Was a Follower of Nemelex Xobeh.
             Mangled by a hippogriff (11 damage)
             ... on level 5 of the Dungeon.
             The game lasted 00:05:04 (5343 turns).

Mrkan the Poker (Merfolk Gladiator)                 Turns: 5343, Time: 00:05:05

Health: -6/55      AC:  6    Str: 14    XL:     7   Next: 23%
Magic:  8/8        EV: 16    Int:  7    God:    Nemelex Xobeh [*.....]
Gold:   230        SH:  0    Dex: 18    Spells: 6/6 levels left

rFire    . . .     SeeInvis .   a - +0 trident
rCold    . . .     Gourm    .   (no shield)
rNeg     . . .     Faith    .   b - +0 leather armour
rPois    .         Spirit   .   c - +0 helmet
rElec    .         Reflect  .   F - +0 cloak {MR+}
rCorr    .         Harm     .   G - +0 pair of gloves
MR       +....                  (no boots)
Stlth    +.........             (no amulet)
HPRegen  0.18/turn              (no ring)
MPRegen  0.11/turn              (no ring)

@: no status effects
A: change form in water, swift swim, stealthy swim
a: Draw Escape, Draw Destruction, Draw Summoning, Renounce Religion


You were on level 5 of the Dungeon.
You worshipped Nemelex Xobeh.
Nemelex Xobeh was aware of your devotion.
You were not hungry.

You visited 1 branch of the dungeon, and saw 5 of its levels.

You collected 405 gold pieces.
You spent 175 gold pieces at shops.

Inventory:

Hand Weapons
 a - a +0 trident (weapon)
Missiles
 d - 3 throwing nets (quivered) {!f}
Armour
 b - a +0 leather armour (worn)
 c - a +0 helmet (worn)
 s - a +0 helmet
 F - a +0 cloak of magic resistance (worn)
 G - a +0 pair of gloves (worn)
Jewellery
 p - an uncursed ring of protection from fire {unknown}
 q - an uncursed amulet of guardian spirit {unknown}
 t - a cursed ring of fire {unknown}
 u - an uncursed ring of protection from cold {unknown}
 z - an uncursed amulet of magic regeneration {unknown}
 D - an uncursed amulet of guardian spirit {unknown}
Wands
 y - a wand of acid (8)
Scrolls
 e - 4 scrolls of enchant armour {unknown}
 h - 2 scrolls of remove curse {unknown}
 i - a scroll of fog {unknown}
 l - 7 scrolls of identify {unknown}
 m - a scroll of immolation {unknown}
 o - a scroll of teleportation {unknown}
 r - 2 scrolls of amnesia {unknown}
 w - 2 scrolls of noise {unknown}
 x - 2 scrolls of blinking {unknown}
Potions
 g - a potion of resistance {unknown}
 j - 3 potions of might {unknown}
 k - 2 potions of degeneration {unknown}
 n - 4 potions of flight {unknown}
 v - 2 potions of magic {unknown}
 A - a potion of cancellation {unknown}
 B - a potion of brilliance {unknown}
 E - a potion of heal wounds {unknown}
Comestibles
 f - 8 rations {!d}
 C - 5 chunks of flesh


   Skills:
 + Level 4.3 Fighting
 + Level 7.8 Polearms
 - Level 2.0 Throwing
 * Level 6.8 Dodging
 + Level 2.0 Invocations


You had 6 spell levels left.
You didn't know any spells.
Your spell library was empty.

Dungeon Overview and Level Annotations

Branches:
Dungeon (5/12)
 Temple: D:4-7

Altars:
Dithmenos
Elyvilon
Nemelex Xobeh

Shops:
D:5 [[

Annotations:
D:2 Sigmund


Message History

The hippogriff bites you.
* * * LOW HITPOINT WARNING * * *
The hippogriff pecks you but does no damage.
The hippogriff claws you.
* * * LOW HITPOINT WARNING * * *
The orc warrior misses you.
You hit the hippogriff but do no damage.
The hippogriff is severely wounded.
The hippogriff closely misses you.
The hippogriff pecks you but does no damage.
The hippogriff claws you but does no damage.
You hit the hippogriff.
The hippogriff is severely wounded.
The orc warrior barely misses you. The hippogriff closely misses you.
The hippogriff pecks you.
* * * LOW HITPOINT WARNING * * *
The hippogriff misses you. The hippogriff bites you!
You die...
Your body disappears without a glow.

..>.# #.#.## #.#..# ###
#....# o. #..∩.. #. #....#
####Z########## #.####
#....oo..♣o.H.# ###.#
#...$5##o.###@# ##...#
........##♣∩♣
#.########...####
#.#.....##..#
#.......).......#
#.....##.♣###..#######...##.#
####.###.......# ##.###.# ..
##.####.# #.# #.# .. #.# #.#
#.# #.# #+# #.# #.# #.# #.#
#.# #.# #.# #.#


You could see a hippogriff and an orc warrior.

Vanquished Creatures
  A sky beast (D:5)
  2 ogres
  A centaur (D:5)
  A worker ant (D:5)
  9 adders
  An ooze (D:2)
  3 worms
  2 dart slugs
  3 leopard geckos
  13 orcs
  5 giant cockroaches
  2 goblins
  10 hobgoblins
  A quokka (D:4)
  9 ball pythons
  2 bats
  6 frilled lizards
  A jackal zombie (D:5)
  4 kobolds
  3 rats
79 creatures vanquished.

Notes
Turn   | Place    | Note
-------+----------+-------------------------------------------
     0 | D:1      | Mrkan the Merfolk Gladiator began the quest for the Orb.
     0 | D:1      | Reached XP level 1. HP: 16/16 MP: 1/1
   387 | D:1      | Reached XP level 2. HP: 14/23 MP: 2/2
   400 | D:1      | Reached skill level 5 in Polearms
  1427 | D:1      | Reached XP level 3. HP: 26/28 MP: 3/3
  1722 | D:2      | Found a sparkling altar of Nemelex Xobeh.
  1730 | D:2      | Became a worshipper of Nemelex Xobeh the Trickster
  1753 | D:2      | Found a white marble altar of Elyvilon.
  1763 | D:2      | Received a gift from Nemelex Xobeh
  2381 | D:2      | Noticed Sigmund
  2778 | D:3      | Reached * piety under Nemelex Xobeh
  2782 | D:3      | Noticed an ogre
  2796 | D:3      | Killed an ogre
  2796 | D:3      | Reached skill level 6 in Polearms
  2796 | D:3      | Reached skill level 5 in Dodging
  2796 | D:3      | Reached XP level 4. HP: 29/35 MP: 4/4
  2796 | D:3      | Reached XP level 5. HP: 34/41 MP: 5/5
  3480 | D:3      | Reached skill level 7 in Polearms
  3551 | D:3      | Received a gift from Nemelex Xobeh
  3726 | D:3      | Found a shadowy altar of Dithmenos.
  4331 | D:4      | Reached XP level 6. HP: 48/48 MP: 6/6
  4877 | D:5      | Entered Level 5 of the Dungeon
  4886 | D:5      | Reached skill level 1 in Invocations
  5026 | D:5      | Received a gift from Nemelex Xobeh
  5091 | D:5      | Found Latas's Armour Shop.
  5104 | D:5      | Bought a +0 cloak of magic resistance for 126 gold pieces
  5104 | D:5      | Bought a +0 pair of gloves for 49 gold pieces
  5156 | D:5      | Reached XP level 7. HP: 27/54 MP: 6/8
  5301 | D:5      | Found Kizyghy's Armour Emporium.
  5310 | D:5      | Noticed a hippogriff
  5343 | D:5      | Mangled by a hippogriff

Skill      XL: |  1  2  3  4  5  6  7 |
---------------+----------------------+-----
Polearms       | 5 6 7 |  7.8
Fighting       | 3 4 |  4.3
Dodging        | 5 6 |  6.8
Invocations    | 1 2 |  2.0
Throwing       | |  2.0

Action                   |  1- 3 |  4- 6 |  7- 9 || total
-------------------------+-------+-------+-------++-------
Melee: Trident           |   105 |   189 |    24 ||   318
 Stab: Sleeping          |     1 |     3 |       ||     4
  Eat: Chunk             |     4 |     9 |     1 ||    14
Armor: Leather armour    |    19 |    30 |    12 ||    61
Dodge: Dodged            |    75 |   143 |    32 ||   250
